 Dungeon Crawl Stone Soup version 0.30.1-3-gfc49f6343a (webtiles) character file.

Game seed: 2150641133845066685

64 Almogavar the Covered (level 4, -2/29 HPs)
             Began as a Gargoyle Fighter on Aug 4, 2023.
             Frozen to death by an endoplasm (5 damage)
             ... on level 2 of the Dungeon.
             The game lasted 00:02:33 (890 turns).

Almogavar the Covered (Gargoyle Fighter)             Turns: 890, Time: 00:02:34

Health: -2/29      AC: 10    Str: 21    XL:     4   Next: 12%
Magic:  4/4        EV:  9    Int:  9    God:
Gold:   54         SH:  4    Dex:  9    Spells: 3/3 levels left

rFire   . . .        a - +0 flail
rCold   . . .        c - +0 buckler
rNeg    + . .        b - +0 scale mail
rPois   ∞            (no helmet)
rElec   +            (no cloak)
rCorr   .            (no gloves)
SInv    .            (no boots)
Will    .....        (no amulet) Stlth
                     (no ring)
HPRegen 0.24/turn    (no ring)
MPRegen 0.09/turn

%: no passive effects
@: mighty
A: sickness immunity, AC +3, negative energy resistance 1, electricity
resistance, torment resistance 1, petrification resistance
a: no special abilities


You were on level 2 of the Dungeon.
You visited 1 branch of the dungeon, and saw 2 of its levels.

You collected 54 gold pieces.

Inventory:

Hand Weapons
 a - a +0 flail (weapon)
Armour
 b - a +0 scale mail (worn)
 c - a +0 buckler (worn)
Jewellery
 e - a ring of ice
Scrolls
 f - a scroll of amnesia
 j - a scroll of enchant weapon {unknown}
 k - a scroll of poison {unknown}
 m - a scroll of fog {unknown}
 n - a scroll of magic mapping {unknown}
 o - a scroll of immolation {unknown}
 p - 2 scrolls of enchant armour {unknown}
Potions
 g - 2 potions of curing {unknown}
 h - 2 potions of flight {unknown}
 i - 2 potions of invisibility {unknown}
 l - a potion of cancellation {unknown}


   Skills:
 + Level 3.7 Fighting
 + Level 3.1 Maces & Flails
 + Level 3.8 Armour
 + Level 0.2 Dodging
 + Level 3.7 Shields


You had 3 spell levels left.
You didn't know any spells.
Your spell library was empty.

Dungeon Overview and Level Annotations

Branches:
Dungeon (2/15)

Altars:


Innate Abilities, Weirdness & Mutations

You are immune to sickness and miasma.
Your stone body is resilient. (AC +3)
You are immune to poison.
You resist negative energy. (rN+)
You are resistant to electric shocks. (rElec)
You are resistant to unholy torment.
You are immune to petrification.


Message History

The goblin completely misses you. The gnoll barely misses you.
You thump the gnoll!
The gnoll is severely wounded.
The endoplasm hits you but does no damage.
The gnoll hits you with a +0 club. The goblin hits you with a +0 club.
* * * LOW HITPOINT WARNING * * *
The gnoll hits you but does no damage.
You feel very mighty all of a sudden. The endoplasm closely misses you.
The gnoll hits you with a +0 club.
* * * LOW HITPOINT WARNING * * *
The goblin closely misses you. The gnoll hits you but does no damage.
You barely miss the gnoll.
The gnoll is severely wounded.
The endoplasm completely misses you. The gnoll hits you but does no damage.
The goblin hits you but does no damage. The gnoll barely misses you.
You thump the gnoll!
You kill the gnoll!
The endoplasm closely misses you. You block the gnoll's attack.
The goblin hits you but does no damage.
You sock the gnoll!
You kill the gnoll!
The goblin barely misses you. The endoplasm hits you.
* * * LOW HITPOINT WARNING * * *
The goblin hits you but does no damage. The endoplasm freezes you.
You are frozen.
* * * LOW HITPOINT WARNING * * *
Your Maces & Flails skill increases to level 3!
You have reached level 4!
You feel clever.
You closely miss the goblin. The goblin misses you.
The endoplasm barely misses you.
You closely miss the goblin. The goblin barely misses you.
The endoplasm closely misses you.
You completely miss the goblin.
The endoplasm hits you but does no damage.
The goblin hits you but does no damage. You block the goblin's attack.
The endoplasm freezes you.
You are frozen.
You die...

#......J.#........#######
#........#..........#
#######........##########.#####
......'.†.##.................>#
#######....##.#.g########.###.#
#.....#)##..# #.....#
###......##.# #####.#
##...#.)).# #.#
#######@J######## #.#
##g........ #.# ##........ ##.#
#######........ #..#
#..............##.##
#.......########..# #.......#
#.## #.......# ###.#
#......)######...#


You could see an endoplasm and a goblin.

Vanquished Creatures
  3 gnolls (D:2)
  A worm (D:2)
  A dart slug (D:1)
  3 ball pythons
  3 bats
  3 endoplasms (D:1)
  A giant cockroach (D:1)
  2 hobgoblins (D:1)
  2 quokkas
  A frilled lizard (D:2)
  4 goblins
  4 kobolds
  2 rats
30 creatures vanquished.

Notes
Turn   | Place    | Note
-------+----------+-------------------------------------------
     0 | D:1      | Almogavar the Gargoyle Fighter began the quest for the Orb.
     0 | D:1      | Reached XP level 1. HP: 14/14 MP: 1/1
    71 | D:1      | Reached XP level 2. HP: 15/19 MP: 2/2
   588 | D:1      | Reached XP level 3. HP: 23/23 MP: 3/3
   887 | D:2      | HP: 1/24 [frozen (1)]
   888 | D:2      | Reached XP level 4. HP: 2/29 MP: 4/4
   890 | D:2      | Frozen to death by an endoplasm

Illustrated notes

Levels and vault maps discovered:
D:1:      dpeg_arrival_shelter, layout_basic
D:2:      layout_basic, minmay_pentomino_w2

Skill      XL: |  1  2  3 |
---------------+----------+-----
Maces & Flails | 3 |  3.1
Fighting       | |  3.7
Armour         | |  3.8
Dodging        | |  0.2
Shields        | |  3.7

Action                     |  1- 3 |  4- 6 || total
---------------------------+-------+-------++-------
  Melee: Flail             |    82 |     3 ||    85
    Use: Scroll            |     1 |       ||     1
         Potion            |     1 |       ||     1
 Armour: Scale mail        |    55 |     2 ||    57
  Dodge: Dodged            |    42 |     4 ||    46
  Block: Buckler           |    14 |     1 ||    15
